 Dungeon Crawl Stone Soup version 0.17-a0-1923-gc35365e (webtiles) character file.

60 derrpe the Twirler (level 3, -3/27 HPs)
             Began as a Demonspawn Gladiator on Sept 28, 2015.
             Was an Initiate of Trog.
             Slain by a gnoll
             ... wielding a +0 spear
              (8 damage)
             ... on level 2 of the Dungeon.
             The game lasted 00:03:26 (1933 turns).

derrpe the Twirler (Demonspawn Gladiator)           Turns: 1933, Time: 00:03:26

Health: -3/27      AC:  5    Str: 16    XL:     3   Next: 80%
Magic:  3/3        EV: 14    Int:  9    God:    Trog [......]
Gold:   127        SH:  0    Dex: 13    Spells: 0 memorised, 2 levels left

rFire  . . .     SeeInvis .     k - +0 spear (vamp)
rCold  . . .     Clarity  .     p - +0 leather armour
rNeg   . . .     SustAt   .     (no shield)
rPois  .         Gourm    .     c - +0 helmet
rElec  .         Spirit   .     (no cloak)
rCorr  .         Warding  .     q - +0 pair of gloves
rMut   .         Stasis   .     (no boots)
MR     .....                    (no amulet)
Stlth  ++........               (no ring)
                                n - +2 ring of evasion

@: not resistant to hostile enchantments, unstealthy
A: talons 1, nightstalker 1
a: Burn Spellbooks, Renounce Religion


You were on level 2 of the Dungeon.
You worshipped Trog.
Trog was noncommittal.
You were not hungry.

You visited 1 branch of the dungeon, and saw 2 of its levels.

You collected 127 gold pieces.

Inventory:

Hand weapons
 k - a +0 vampiric spear (weapon)
Missiles
 d - 3 throwing nets (quivered)
Armour
 c - a +0 helmet (worn)
 p - a +0 leather armour (worn)
 q - a +0 pair of gloves (worn)
Rods
 b - a +0 rod of the swarm (10/10)
   (You found it on level 2 of the Dungeon)
Jewellery
 n - a +2 ring of evasion (left hand)
Magical devices
 v - a wand of invisibility (5)
Scrolls
 f - a scroll of blinking {unknown}
 i - a scroll of identify {unknown}
 j - 2 scrolls of magic mapping {unknown}
 o - 3 scrolls of fog {unknown}
 r - 3 scrolls of enchant armour {unknown}
 t - a scroll of recharging {unknown}
Potions
 a - 3 potions of resistance {unknown}
 g - a potion of invisibility {unknown}
 h - a potion of magic {unknown}
 l - a potion of degeneration {unknown}
 m - a potion of might {unknown}
Comestibles
 e - 2 bread rations {@e1}
 s - a meat ration {@e2}


   Skills:
 - Level 2.0 Fighting
 * Level 1.3(2.9) Polearms
   Level 4.0(4.1) Staves
 - Level 1.7 Throwing
 - Level 2.6 Dodging


You had 2 spell levels left.
You didn't know any spells.

Dungeon Overview and Level Annotations

Branches:
Dungeon (2/15)

Altars:
Fedhas
Sif Muna
Trog


Innate Abilities, Weirdness & Mutations

You have sharp toenails.
You are slightly more attuned to the shadows.


Message History

You kill the hobgoblin!
Trog accepts your kill.
The gnoll hits you from afar with a spear.
* * * LOW HITPOINT WARNING * * *
The gnoll barely misses you.
You see here a hobgoblin corpse.
You hit the gnoll.
You feel better.
Your kick misses the gnoll.
The gnoll is lightly wounded.
The gnoll misses you.
You hit the gnoll but do no damage.
The gnoll is lightly wounded.
The gnoll closely misses you.
You hit the gnoll.
You feel better.
The gnoll is moderately wounded.
The gnoll hits you with a spear.
* * * LOW HITPOINT WARNING * * *
You hit the gnoll. You claw the gnoll.
The gnoll is severely wounded.
The gnoll hits you with a spear!
You die...

#.#
#.##..#....†...####
#.#
#.#.[.#........#
#.#
#.#..##........#
#.#
#.#..##........#
#.#
#.#####........#
#.# #.# ##........#
#.# #.# #.........#
#.# #.# #.#####.###
#.# ### #@# ..# #.#
#g# .♣#
##.########.}.'g#
#.........#...###
##############


You could see 2 gnolls.

Vanquished Creatures
  An adder (D:2)
  An ooze (D:2)
  2 worms (D:2)
  3 giant cockroaches
  7 hobgoblins
  4 kobolds
  A quokka (D:2)
  A ball python (D:1)
  5 bats
  A giant gecko (D:2)
  2 giant newts
  8 goblins
  3 rats (D:1)
39 creatures vanquished.

Notes
Turn   | Place    | Note
--------------------------------------------------------------
     0 | D:1      | derrpe the Demonspawn Gladiator began the quest for the Orb.
     0 | D:1      | Reached XP level 1. HP: 16/16 MP: 1/1
   225 | D:1      | Reached skill level 3 in Staves
   393 | D:1      | Gained mutation: You have sharp toenails. [demonic ancestry]
   393 | D:1      | Reached XP level 2. HP: 17/22 MP: 2/2
   828 | D:2      | Identified a +0 rod of the swarm (10/10) (You found it on level 2 of the Dungeon)
   940 | D:2      | Gained mutation: You are slightly more attuned to the shadows. [demonic ancestry]
   940 | D:2      | Reached XP level 3. HP: 25/27 MP: 3/3
   961 | D:2      | Found a blossoming altar of Fedhas.
   969 | D:2      | Found a bloodstained altar of Trog.
   969 | D:2      | Found a deep blue altar of Sif Muna.
  1013 | D:2      | Became a worshipper of Trog the Wrathful
  1024 | D:2      | Reached skill level 4 in Staves
  1502 | D:2      | Reached skill level 1 in Polearms
  1933 | D:2      | Slain by a gnoll

Vault maps used:
D:1:      eino_arrival_cavern_d, minmay_misc_feat_ornament
D:2:      grunt_temple_overflow_open, serial_forest,
          infiniplex_forest_side_room, infiniplex_forest_end_1,
          infiniplex_forest_straight_2, infiniplex_forest_clump_double,
          infiniplex_forest_lined_3_way, infiniplex_forest_lined_3,
          infiniplex_forest_lined_corner, solitary_fountain, amalloy_card_club

Action                   || total
-------------------------++-------
Melee: Quarterstaff      ||    46
       Spear             ||   150
Throw: Throwing net      ||     2
 Stab: Held in net/web   ||     3
       Sleeping          ||     1
  Eat: Bread ration      ||     1
       Beef jerky        ||     1
       Chunk             ||     2
